 Dungeon Crawl Stone Soup version 0.26.0-57-g60708a5e39 (webtiles) character file.

Game seed: 14218135561457709754

2238 Gadfly the Poker (level 9, 0/68 HPs)
             Began as a Formicid Fighter on Feb 1, 2021.
             Was an Initiate of Elyvilon.
             Slain by a boulder beetle (17 damage)
             ... on level 7 of the Dungeon.
             The game lasted 00:09:55 (6554 turns).

Gadfly the Poker (Formicid Fighter)                 Turns: 6554, Time: 00:09:56

Health: 0/68       AC: 15    Str: 22    XL:     9   Next: 63%
Magic:  4/13       EV:  5    Int:  9    God:    Elyvilon [......]
Gold:   253        SH: 16    Dex: 11    Spells: 8/8 levels left

rFire    . . .     SeeInvis +   a - +1 trident
rCold    . . .     Faith    .   c - +1 kite shield
rNeg     . . .     Spirit   .   t - +0 plate armour
rPois    +         Reflect  +   (helmet unavailable)
rElec    .         Harm     .   k - +0 cloak
rCorr    .         Rampage  .   (no gloves)
Will     .....                  m - +0 pair of boots {run}
Stlth    ..........             h - amulet of reflection
HPRegen  0.00/turn              (no ring)
MPRegen  0.13/turn              (no ring)

@: quick
A: permanent stasis, dig shafts and tunnels, four strong arms, antennae 3,
poison resistance, inhibited regeneration, MP-powered wands
a: Dig, Shaft Self, Renounce Religion


You were on level 7 of the Dungeon.
You worshipped Elyvilon.
Elyvilon was noncommittal.
You visited 2 branches of the dungeon, and saw 8 of its levels.

You collected 253 gold pieces.

Inventory:

Hand Weapons
 a - a +1 trident (weapon)
Armour
 c - a +1 kite shield (worn)
 k - a +0 cloak (worn)
 m - a +0 pair of boots of running (worn)
 t - a +0 plate armour (worn)
Jewellery
 h - an amulet of reflection (around neck)
Wands
 p - a wand of flame (50) (quivered)
Scrolls
 i - a scroll of enchant armour
 n - a scroll of remove curse
 o - 2 scrolls of magic mapping
 q - a scroll of fear
Potions
 e - a potion of ambrosia
 j - a potion of attraction
 l - 8 potions of curing
 r - a potion of heal wounds


   Skills:
 + Level 5.6 Fighting
 * Level 6.3 Polearms
 + Level 5.6 Armour
 + Level 6.3 Shields
 + Level 6.1 Invocations
 + Level 5.7 Evocations


You had 8 spell levels left.
You didn't know any spells.
Your spell library contained the following spells:

 Spells                   Type           Power        Failure   Level
 Beastly Appendage        Tmut           0%           100%        1
 Wereblood                Tmut           0%           100%        2
 Spider Form              Tmut/Pois      0%           100%        3
 Ice Form                 Ice/Tmut       0%           100%        4
 Blade Hands              Tmut           0%           100%        5


Dungeon Overview and Level Annotations

Branches:
Dungeon (7/15)             Temple (1/1) D:7

Altars:
Dithmenos
Elyvilon
Fedhas
Gozag
Hepliaklqana
Makhleb
Nemelex Xobeh
Okawaru
Qazlal
Ru
Uskayaw
Vehumet
Xom
Zin


Innate Abilities, Weirdness & Mutations

You cannot be hasted, slowed, berserked, paralysed or teleported.
You can dig through walls and to a lower floor.
Your four strong arms can wield two-handed weapons with a shield.
You have a pair of large antennae on your head. (SInv)
Your system is resistant to poisons. (rPois)
You do not regenerate when monsters are visible.
You expend magic power (3 MP) to strengthen your wands.


Message History

Things that are here:
a +0 shortbow; 12 arrows; a centaur skeleton You block the boulder beetle's attack.
The boulder beetle stops rolling and uncurls.
You see here an arrow.
There is an open door here.
Things that are here:
a +1 long sword of holy wrath; a +0 plate armour You are too injured to fight recklessly!
Evoke which item? (* to show all) (? for menu, Esc to quit)
Aiming: Throw Flame
Press: ? - help, Shift-Dir - straight line, f/p - boulder beetle
Aim: a boulder beetle (moderately wounded, 0% to evade)
You feel a surge of power!
The puff of flame hits the boulder beetle but does no damage.
The boulder beetle is moderately wounded.
You hit the boulder beetle but do no damage.
The boulder beetle is moderately wounded.
The boulder beetle bites you!
You die...

.#.♣♣♣♣# { #.#.#.#.
.... .......#
#.#.#.. # ...♣♣♣.#{
#.#.#.. ....
.......# { #.#.#..
#.# .#.♣♣♣♣#
#.#.#.#. #.##
.#.....#♣♣{♣♣#.#.#.#
.#... .#♣♣♣♣.# .≈.
#.#(#.#{ #.....
.#.....# ≈≈≈ #.#B#.#
#..### .#.♣♣♣♣# .≈.
#♣.@.♣# #..# .#...♣
♣.♣ ♣♣.♣♣ ####..# #
.#♣♣.♣♣# #.# ♣.♣
###.....# # .#.♣)♣.#
♣.♣ ♣♣.♣♣
........###
#♣.♣.♣#♣♣.♣♣#♣.♣.♣#
#........
#.♣.♣....♣....♣♣♣.#
##.......
#♣.♣.♣#♣♣.♣♣#♣.♣.♣#
#....#.# #.♣.♣.# ♣.♣
♣♣.♣♣ #.......
####### ### ###
###.##.#


You could see a boulder beetle.

Vanquished Creatures
  Grinder (D:5)
  Sigmund (D:5)
  A soldier ant (D:7)
  An orc warrior (D:7)
  A sky beast (D:5)
  3 centaurs
  An ogre (D:7)
  A gnoll sergeant (D:7)
  2 scorpions
  6 killer bees (D:7)
  A wight (D:7)
  A howler monkey (D:4)
  A bullfrog skeleton (D:4)
  A hound (D:7)
  A quasit (D:7)
  An orc priest (D:7)
  An orc wizard (D:3)
  Crazy Yiuf (D:2)
  A centaur skeleton (D:6)
  Jessica (D:2)
  Ijyb (D:3)
  Natasha (thrice) (D:3)
  7 worker ants
  Robin (D:4)
  3 gnolls (D:4)
  7 adders
  2 shadow imps (D:7)
  A white imp (D:5)
  An ufetubus (D:5)
  An ooze (D:1)
  An adder skeleton (D:4)
  2 worms
  4 dart slugs
  6 leopard geckos
  11 orcs
  10 giant cockroaches
  18 goblins
  6 hobgoblins
  7 jackals
  4 quokkas
  2 ball pythons (D:3)
  5 bats
  10 frilled lizards
  A jackal skeleton (D:5)
  10 kobolds
  A leopard gecko skeleton (D:7)
  5 rats
158 creatures vanquished.

Notes
Turn   | Place    | Note
-------+----------+-------------------------------------------
     0 | D:1      | Gadfly the Formicid Fighter began the quest for the Orb.
     0 | D:1      | Reached XP level 1. HP: 18/18 MP: 1/1
   239 | D:1      | Reached XP level 2. HP: 24/24 MP: 2/2
   458 | D:1      | Reached skill level 1 in Invocations
   458 | D:1      | Reached skill level 1 in Evocations
   468 | D:1      | Reached XP level 3. HP: 29/29 MP: 3/3
  1242 | D:2      | Reached XP level 4. HP: 28/35 MP: 5/5
  1526 | D:2      | Noticed a +0 hand axe
  1527 | D:2      | Found a hide-covered altar of Uskayaw.
  1527 | D:2      | Noticed a +0 hand axe
  1553 | D:2      | Gained mutation: Potions are less effective at restoring
                  | your health. [potion of mutation]
  1553 | D:2      | Gained mutation: Your flesh is heat resistant. (rF+)
                  | [potion of mutation]
  1554 | D:2      | Lost mutation: Your flesh is heat resistant. (rF+) [potion
                  | of mutation]
  1554 | D:2      | Lost mutation: Potions are less effective at restoring your
                  | health. [potion of mutation]
  1554 | D:2      | Gained mutation: Your system is resistant to poisons.
                  | (rPois) [potion of mutation]
  1554 | D:2      | Gained mutation: You do not regenerate when monsters are
                  | visible. [potion of mutation]
  1554 | D:2      | Gained mutation: You expend magic power (3 MP) to
                  | strengthen your wands. [potion of mutation]
  1579 | D:2      | Noticed Jessica
  1581 | D:2      | Killed Jessica
  1683 | D:2      | Found a runed translucent door.
  1684 | D:2      | Noticed Crazy Yiuf
  1835 | D:2      | Killed Crazy Yiuf
  1836 | D:2      | Reached XP level 5. HP: 22/42 MP: 6/6
  2283 | D:3      | Noticed Natasha
  2296 | D:3      | Killed Natasha
  2303 | D:3      | Reached XP level 6. HP: 9/48 MP: 7/7
  2706 | D:3      | Found a sacrificial altar of Ru.
  2706 | D:3      | Noticed Ijyb
  2720 | D:3      | Killed Ijyb
  3264 | D:3      | Noticed Natasha
  3272 | D:3      | Killed Natasha
  3347 | D:3      | Noticed Natasha
  3354 | D:3      | Killed Natasha
  3411 | D:4      | Reached XP level 7. HP: 39/54 MP: 9/9
  3606 | D:4      | Noticed Robin
  3609 | D:4      | Killed Robin
  3741 | D:4      | Identified a +0 pair of boots of running (You found it on
                  | level 4 of the Dungeon)
  3781 | D:4      | Found a sparkling altar of Nemelex Xobeh.
  3788 | D:4      | Found an opulent altar of Gozag.
  4026 | D:5      | Entered Level 5 of the Dungeon
  4026 | D:5      | Noticed Sigmund
  4033 | D:5      | Killed Sigmund
  4034 | D:5      | Reached skill level 5 in Shields
  4034 | D:5      | Reached XP level 8. HP: 43/61 MP: 11/11
  4438 | D:5      | Noticed Grinder
  4444 | D:5      | Killed Grinder
  4453 | D:5      | Reached skill level 5 in Invocations
  4553 | D:5      | Got a transparent ring mail
  4564 | D:5      | Identified the cursed +0 ring mail of the Ward {Rampage}
                  | (You found it on level 5 of the Dungeon)
  4820 | D:5      | Reached skill level 5 in Polearms
  5127 | D:6      | Reached skill level 5 in Evocations
  5491 | D:7      | Reached XP level 9. HP: 59/67 MP: 9/13
  5583 | D:7      | Reached skill level 5 in Armour
  5591 | D:7      | Reached skill level 5 in Fighting
  5838 | D:7      | Found a staircase to the Ecumenical Temple.
  5899 | Temple   | Entered the Ecumenical Temple
  5956 | Temple   | Became a worshipper of Elyvilon the Healer
  6511 | D:7      | Noticed a boulder beetle
  6554 | D:7      | Slain by a boulder beetle

Illustrated notes

Levels and vault maps discovered:
D:1:      psy_arrival_statuary, layout_loops_corners
D:2:      layout_loops_ring, dancing_weapons_uskayaw, minmay_misc_feat_cross,
          uniq_crazy_yiuf_cottage, uniq_jessica
D:3:      layout_basic, nicolae_overflow_crystal_walls, uniq_ijyb, uniq_natasha
D:4:      layout_rooms, grunt_temple_overflow_opulence, fountainhead, uniq_robin
D:5:      layout_basic, uniq_sigmund, uniq_grinder
D:6:      layout_rooms, hangedman_abyss_or_decor_stagger
D:7:      nzn_winding_woodlands_medium [nzn_winding_woodlands_5x5_checkerboard,
          nzn_winding_woodlands_5x15_sidewinder,
          nzn_winding_woodlands_5x5_open_star, nzn_winding_woodlands_5x5_cross,
          nzn_winding_woodlands_center_triple_pond,
          nzn_winding_woodlands_hourglass,
          nzn_winding_woodlands_5x5_closed_star,
          nzn_winding_woodlands_5x15_longhouse,
          nzn_winding_woodlands_5x5_default], layout_loops_corners,
          yredelemnul_forgotten_temple_becter
Temple:   eino_wide_crystal_templ

Skill      XL: |  1  2  3  4  5  6  7  8  9 |
---------------+----------------------------+-----
Invocations    | 1 2 3 4 5 6 |  6.1
Evocations     | 1 2 3 4 5 |  5.7
Shields        | 4 5 6 |  6.3
Polearms       | 3 4 5 6 |  6.3
Fighting       | 4 5 |  5.6
Armour         | 4 5 |  5.6

Action                   |  1- 3 |  4- 6 |  7- 9 || total
-------------------------+-------+-------+-------++-------
Melee: Trident           |   130 |    40 |   112 ||   282
       Quarterstaff      |       |    77 |   204 ||   281
Evoke: Wand              |       |     1 |     7 ||     8
  Use: Scroll            |     6 |     5 |     5 ||    16
       Potion            |       |     5 |     4 ||     9
Armor: Scale mail        |    45 |    27 |       ||    72
       Chain mail        |       |     9 |    75 ||    84
       Plate armour      |       |       |    42 ||    42
       Skin              |       |       |    27 ||    27
Dodge: Dodged            |    33 |    32 |    34 ||    99
Block: Kite shield       |    56 |    62 |   210 ||   328
       Reflection        |       |       |     1 ||     1
